 Dungeon Crawl Stone Soup version 0.26-a0-259-g1effd001a9 (webtiles) character file.

Game seed: 4736661234067964885

331880 tilp the Cryomancer (level 20, -16/122 HPs)
             Began as a Deep Elf Ice Elementalist on July 24, 2020.
             Was the Champion of Vehumet.
             Demolished by Donald
             ... wielding a +3 eveningstar of protection
              (45 damage)
             ... on level 4 of the Vaults.
             The game lasted 03:02:28 (63844 turns).

tilp the Cryomancer (Deep Elf Ice Elementalist)    Turns: 63844, Time: 03:02:28

Health: -16/122    AC: 15    Str:  5    XL:     20   Next: 88%
Magic:  0/44       EV: 24    Int: 36    God:    Vehumet [******]
Gold:   3459       SH:  8    Dex: 18    Spells: 7/55 levels left

rFire    + + .     SeeInvis .   a - staff of cold
rCold    + + .     Faith    .   x - +3 buckler {reflect}
rNeg     + . .     Spirit   +   y - +2 robe {rF+}
rPois    +         Reflect  +   S - -2 hat of the Alchemist {rElec rPois rF+ rC+ rN+ MR+ rMut rCorr}
rElec    +         Harm     .   H - +2 cloak
rCorr    +                      w - +2 pair of gloves {Dex+3}
rMut     +                      u - +2 pair of boots
MR       +++..                  v - amulet of guardian spirit
Stlth    +++++.....             E - +6 ring of intelligence
HPRegen  0.30/turn              D - +4 ring of protection
MPRegen  0.29/turn

@: no potions
A: no striking features
}: 2/15 runes: barnacled, gossamer
a: Renounce Religion


You were on level 4 of the Vaults.
You worshipped Vehumet.
Vehumet was exalted by your worship.
You were not hungry.

You visited 7 branches of the dungeon, and saw 36 of its levels.
You also visited: Bailey and Gauntlet.

You collected 6224 gold pieces.
You spent 2765 gold pieces at shops.

Inventory:

Hand Weapons
 b - the +10 demon blade of a ziggurat {vorpal, +Rage rElec Int-2 Stlth-}
   (You found it on level 11 of the Dungeon)

   It inflicts extra damage upon your enemies.
   It affects your intelligence (-2).
   It insulates you from electricity.
   It lets you go berserk.
   It makes you less stealthy.
Missiles
 K - 73 poisoned darts (quivered)
 Q - 10 throwing nets {!f}
 X - 51 silver javelins {!f}
Armour
 u - a +2 pair of boots (worn)
 w - a +2 pair of gloves of dexterity (worn)
 x - a +3 buckler of reflection (worn)
 y - a +2 robe of fire resistance (worn)
 H - a +2 cloak (worn)
 S - the -2 hat of the Alchemist (worn) {rElec rPois rF+ rC+ rN+ MR+ rMut rCorr}
   (You found it on level 7 of the Dungeon)

   It protects you from fire.
   It protects you from cold.
   It insulates you from electricity.
   It protects you from poison.
   It protects you from negative energy.
   It affects your resistance to hostile enchantments.
   It provides partial protection from all sources of acid and corrosion.
   It protects you from mutation.
Magical Staves
 a - an uncursed staff of cold (weapon)
Jewellery
 l - an uncursed ring of wizardry
 v - an amulet of guardian spirit (around neck)
 D - a +4 ring of protection (right hand)
 E - a +6 ring of intelligence (left hand)
 F - an uncursed ring of protection from magic
 G - the ring "Ammuf" {Int+3 Dex+4 Stlth+}
   (You found it on level 4 of the Shoals)

   [ring of stealth]

   It affects your intelligence (+3).
   It affects your dexterity (+4).
   It makes you more stealthy.
Wands
 f - a wand of digging (7)
 A - a wand of clouds (9)
 J - a wand of enslavement (9)
 L - a wand of flame (39)
 M - a wand of disintegration (16)
 R - a wand of paralysis (16)
 W - a wand of acid (19)
 Y - a wand of iceblast (27)
Scrolls
 d - 13 scrolls of identify
 g - 5 scrolls of blinking
 h - 6 scrolls of amnesia
 m - a scroll of holy word
 p - 5 scrolls of fear
 q - 18 scrolls of remove curse
 B - 6 scrolls of fog
 C - 4 scrolls of magic mapping
 N - 3 scrolls of enchant armour
 V - a scroll of silence
 Z - 13 scrolls of teleportation
Potions
 i - 13 potions of curing
 j - 2 potions of mutation
 k - 6 potions of brilliance
 n - 2 potions of flight
 r - 5 potions of magic
 z - 2 potions of heal wounds
 I - a potion of resistance
 O - 4 potions of cancellation
 P - 6 potions of ambrosia
 T - 3 potions of invisibility
 U - 6 potions of haste
Miscellaneous
 e - a lightning rod (4/4)
 o - a tin of tremorstones (3/3)
 s - 3 phantom mirrors
 t - a phial of floods
Comestibles
 c - 71 rations


   Skills:
 - Level 12.0 Fighting
 - Level 14.0 Long Blades
 - Level 15.0 Dodging
 - Level 10.0 Stealth
 - Level 4.0 Shields
 - Level 18.0 Spellcasting
 + Level 11.2 Conjurations
 - Level 4.0 Fire Magic
 + Level 21.0 Ice Magic
 - Level 4.0 Earth Magic
 + Level 11.2 Evocations


You had 7 spell levels left.
You knew the following spells:

 Your Spells              Type           Power        Failure   Level
a - Freeze                Ice            ####         0%          1
b - Frozen Ramparts       Ice            ######       0%          3
c - Ozocubu's Armour      Chrm/Ice       ########     1%          3
d - Hailstorm             Conj/Ice       ########     0%          4
e - Summon Ice Beast      Ice/Summ       ########     1%          4
f - Searing Ray           Conj           ######       0%          2
g - Swiftness             Chrm/Air       ####....     1%          2
h - Conjure Flame         Conj/Fire      ######..     1%          3
i - Ozocubu's Refrigerat  Ice            ########..   1%          6
j - Apportation           Tloc           ####..       1%          1
k - Freezing Cloud        Conj/Ice/Air   ########..   1%          6
l - Bolt of Magma         Conj/Fire/Erth ######....   1%          5
m - Ensorcelled Hibernat  Hex/Ice        ######       1%          2
n - Iron Shot             Conj/Erth      ######....   1%          6

Your spell library contained the following spells:

 Spells                   Type           Power        Failure   Level
 Absolute Zero            Ice            ########..   5%          9
 Chain Lightning          Conj/Air       ######....   82%         8
 Ignition                 Fire           ######....   95%         8
 Animate Skeleton         Necr           ####..       1%          1
 Beastly Appendage        Tmut           ####..       1%          1
 Corona                   Hex            ####...      1%          1
 Foxfire                  Conj/Fire      ####         1%          1
 Pain                     Necr           ####         1%          1
 Shock                    Conj/Air       ####         1%          1
 Sting                    Tmut/Pois      ####         1%          1
 Summon Small Mammal      Summ           ####         1%          1
 Slow                     Hex            ####....     1%          2
 Sticks to Snakes         Tmut           ####....     1%          2
 Dazzling Flash           Conj/Hex       ######       1%          3
 Inner Flame              Hex/Fire       #####...     1%          3
 Static Discharge         Conj/Air       ######..     1%          3
 Ice Form                 Ice/Tmut       ########     1%          4
 Sticky Flame             Conj/Fire      ######..     1%          4
 Fireball                 Conj/Fire      ######....   1%          5
 Iskenderun's Battlesphe  Conj/Chrm      ######..     1%          5
 Lightning Bolt           Conj/Air       ######....   1%          5
 Metabolic Englaciation   Hex/Ice        ########..   1%          5
 Simulacrum               Ice/Necr       ########..   1%          6
 Airstrike                Air            ####......   2%          4
 Orb of Destruction       Conj           #######...   2%          7
 Confusing Touch          Hex            ####....     3%          3
 Portal Projectile        Hex/Tloc       ####..       3%          3
 Recall                   Summ/Tloc      N/A          3%          3
 Spider Form              Tmut/Pois      ####......   3%          3
 Tukima's Dance           Hex            ####....     3%          3
 Vampiric Draining        Necr           ####......   3%          3
 Leda's Liquefaction      Hex/Erth       #####.....   4%          4
 Conjure Ball Lightning   Conj/Air       ######....   4%          6
 Yara's Violent Unravell  Hex/Tmut       ####......   8%          5
 Animate Dead             Necr           ####......   10%         4
 Cause Fear               Hex            ####......   10%         4
 Summon Lightning Spire   Summ/Air       ####....     10%         4
 Borgnjor's Vile Clutch   Necr/Erth      #####.....   12%         5
 Spellforged Servitor     Conj/Summ      ######....   22%         7
 Agony                    Necr           ####....     28%         5
 Blade Hands              Tmut           ####......   28%         5
 Silence                  Hex/Air        ####......   28%         5
 Death Channel            Necr           ####......   83%         6
 Eringya's Noxious Bog    Tmut/Pois      ####......   83%         6
 Discord                  Hex            ####......   100%        8
 Tornado                  Air            ####......   100%        9


Dungeon Overview and Level Annotations

Branches:
Dungeon (15/15)            Temple (1/1) D:7            Lair (6/6) D:10
 Shoals (4/4) Lair:3       Spider (4/4) Lair:3        Slime (0/5) Lair:5
    Orc (2/2) D:12            Elf (0/3) Orc:2        Vaults (4/5) D:14
  Crypt (0/3) Vaults:2     Depths (0/5) D:15         Bailey (visited)
Gauntlet (visited)

Altars:
Ashenzari
Cheibriados
Dithmenos
Elyvilon
Fedhas
Gozag
Hepliaklqana
Kikubaaqudgha
Makhleb
Nemelex Xobeh
Okawaru
Qazlal
Ru
Sif Muna
Trog
Uskayaw
Vehumet
Wu Jian
Xom
Yredelemnul
Zin
The Shining One
Beogh

Shops:
D:6 %   D:12 [   D:14 :   Orc:2 =(*[(   Shoals:2 }   Shoals:4 [%*
Vaults:2 [[*   Vaults:3 (

Portals:
Abyss: D:4
Trove: D:12 (show slimy rune of Zot)

Annotations:
D:10 exclusion: orange crystal statue
D:12 exclusion: 2 skeletal warriors, Urug
D:14 2 transporters
Lair:2 Gastronok
Shoals:1 exclusion: kraken
Shoals:4 exclusion: upstairs
Vaults:4 Donald, Frederick


Message History

You feel a surge of power!
The heat is drained from your surroundings.
You resist.
You feel very cold.
The spellforged servitor, Frederick and Donald are frozen.
The spellforged servitor resists.
The spellforged servitor is lightly damaged.
Frederick is almost dead.
Donald resists.
Donald is heavily wounded.
Donald says, "Who designed this place?
It's just a bunch of weird little rooms stuck together."
Donald hits you with a +3 eveningstar of protection!
Unknown command.
Donald says, "I asked the warden where the rune was.
She slammed the door in my face."
Donald hits you with a +3 eveningstar of protection!!!
* * * LOW HITPOINT WARNING * * *
You hear a shout!
Donald says, "I think I'm starting to get a cough.
I hate that."
A death knight comes into view.
It is wielding a +0 broad axe of flaming.
Donald hits you with a +3 eveningstar of protection!!!
You die...

#.. #p#
#.########
#^#......#
#.'......#
#.#...)<.#
#.#......#
#.#......#
#@#......#
#@########
#@# #.#
#8#
#.)....
#.#
#......
#.#
#......
#.#
#......
#.#
#......


You could see Frederick, Donald (fast, strong), a death knight and a spellforged
servitor (summoned).

Vanquished Creatures
  Rupert (D:13)
  Jorgrun (D:13)
  Kirke (Shoals:4)
  2 sphinxes
  A storm dragon (Vaults:1)
  A storm dragon (shapeshifter) (Vaults:1)
  A shadow dragon (D:15)
  Ilsuiw (Shoals:3)
  13 vault wardens
  3 emperor scorpions
  3 orc warlords
  4 ghost moths
  2 very ugly things (Vaults:2)
  8 ironheart preservers
  4 stone giants
  4 entropy weavers
  2 deep elf demonologists
  A minotaur (Gauntlet)
  6 merfolk javelineers
  2 spark wasps (Spider:4)
  8 merfolk impalers
  Josephine (D:13)
  A fire dragon (Vaults:2)
  6 yaktaur captains
  5 great orbs of eyes
  The ghost of Tullig the Cleaver, a journeyman BaFi of Gozag (D:11)
  2 rakshasas
  A catoblepas (Lair:4)
  10 centaur warriors
  14 vault guards
  7 hydras
  3 ice dragons
  An alligator snapping turtle (Shoals:1)
  31 two-headed ogres
  5 merfolk aquamancers
  3 merfolk avatars
  2 satyrs
  19 death yaks
  11 ogre magi
  3 death knights
  2 tengu warriors (D:14)
  A deep troll earth mage (Vaults:2)
  6 orc high priests
  Nergalle (Orc:1)
  5 deep elf knights
  2 shadow wraiths
  2 unseen horrors
  12 sea snakes
  A deep troll (shapeshifter) (Vaults:2)
  12 ironbrand convokers
  5 deep elf archers
  A flayed ghost (Vaults:3)
  3 wizards
  A tengu zombie (Vaults:3)
  A phantasmal warrior (Vaults:3)
  4 deep trolls
  3 necromancers
  19 orc knights
  20 harpies
  13 orb spiders
  5 orc sorcerers
  30 wolf spiders
  13 manticores
  7 deep elf magi
  39 ugly things
  12 cyclopes
  A cyclops (shapeshifter) (Vaults:2)
  4 elephants
  14 fauns
  8 vault sentinels
  A moth of wrath (Spider:3)
  A guardian serpent (Lair:6)
  11 merfolk sirens
  8 black mambas
  7 water nymphs
  2 gargoyles (D:15)
  A torpor snail (shapeshifter) (D:15)
  16 cane toads
  A cane toad (shapeshifter) (Vaults:1)
  2 yaktaur zombies (Vaults:3)
  Joseph (D:7)
  4 torpor snails
  4 rime drakes
  39 yaktaurs
  An efreet (D:15)
  3 centaur skeletons
  12 demonic crawlers
  8 freezing wraiths
  8 komodo dragons
  9 polar bears (Lair:6)
  6 trolls
  29 jumping spiders
  2 wind drakes (shapeshifter)
  16 hornets
  The ghost of bmj180 the Conjurer, an amateur DrCj (D:4)
  A troll (shapeshifter) (Vaults:1)
  34 merfolk
  Grinder (D:4)
  2 wind drakes (Shoals:4)
  12 dream sheep
  A harpy skeleton (D:15)
  3 slime creatures (Vaults:1)
  5 raiju
  11 hippogriffs
  11 snapping turtles
  A meliai zombie (D:14)
  Sigmund (D:2)
  69 redbacks
  A shadow (D:13)
  41 tarantellas
  7 wraiths
  6 basilisks
  11 water elementals
  A tarantella (shapeshifter) (Vaults:3)
  10 wyverns
  Eustachio (D:5)
  4 hogs (Shoals:4)
  28 yaks
  2 chaos spawn (D:12)
  A human (D:14)
  3 vampire mosquitoes (D:15)
  14 two-headed ogre zombies (Orc:1)
  4 human simulacra
  13 wargs
  A naga (D:8)
  A steam dragon (Gauntlet)
  4 acid dragons
  A warg (shapeshifter) (D:15)
  20 water moccasins
  13 hell hounds (Lair:6)
  6 porcupines
  2 small abominations (D:4)
  58 orc warriors
  4 ice beasts
  12 black bears
  22 ogres
  2 sky beasts
  4 phantoms
  An eye of draining (D:9)
  A necrophage (D:7)
  25 wolves
  A boggart (Vaults:1)
  33 centaurs
  13 crocodiles
  5 big kobolds
  10 bullfrogs
  A wyvern zombie (D:11)
  A gnoll sergeant (D:7)
  A wyvern skeleton (D:11)
  8 scorpions
  An elf simulacrum (Vaults:3)
  16 wights
  9 killer bees
  An electric eel (Lair:3)
  A howler monkey (D:3)
  7 centaur zombies
  A bullfrog zombie (D:13)
  A quasit (D:5)
  3 hounds
  3 jellies
  20 orc priests
  25 orc wizards
  A bullfrog skeleton (D:8)
  An iguana (D:4)
  10 worker ants
  A killer bee zombie (D:9)
  A hound zombie (D:11)
  2 hound skeletons
  2 worker ant zombies
  19 gnolls
  9 adders
  4 shadow imps
  An ufetubus (D:8)
  An ooze (D:1)
  2 adder skeletons (D:8)
  6 worms
  A dart slug (D:1)
  10 leopard geckos
  89 orcs
  14 giant cockroaches
  13 goblins
  5 hobgoblins
  17 jackals
  A quokka (D:4)
  A ball python (D:2)
  5 bats
  6 frilled lizards
  23 kobolds
  4 rats
  17 fungi
  100 plants
1638 creatures vanquished.

Vanquished Creatures (collateral kills)
  A hydra (Lair:4)
  A death yak (Lair:5)
  A skeletal warrior (D:12)
  2 dream sheep (Lair:5)
  3 yaks (Lair:5)
  An ogre (D:7)
  5 centaurs
  A bullfrog (D:11)
  A water moccasin skeleton (D:9)
  A wight (D:10)
  A centaur skeleton (D:8)
  An iguana (D:11)
  A hound skeleton (D:11)
  4 white imps
  7 orcs
  A fungus (Lair:5)
32 creatures vanquished.

Vanquished Creatures (others)
  3 gnolls (D:7)
  10 demonic plants (Gauntlet)
  25 fungi
  46 plants
84 creatures vanquished.

Grand Total: 1754 creatures vanquished

Notes
Turn   | Place    | Note
-------+----------+-------------------------------------------
     0 | D:1      | tilp the Deep Elf Ice Elementalist began the quest for the
                  | Orb.
     0 | D:1      | Reached XP level 1. HP: 10/10 MP: 6/6
    82 | D:1      | Reached XP level 2. HP: 15/15 MP: 2/8
   209 | D:1      | Reached skill level 5 in Ice Magic
   357 | D:1      | Reached XP level 3. HP: 1/19 MP: 4/9
   385 | D:1      | Learned a level 3 spell: Frozen Ramparts
  1665 | D:2      | Found a faded altar of an unknown god.
  1713 | D:2      | Reached skill level 6 in Ice Magic
  1718 | D:2      | Learned a level 3 spell: Ozocubu's Armour
  1950 | D:2      | Found a snail-covered altar of Cheibriados.
  2039 | D:2      | Reached XP level 4. HP: 24/24 MP: 8/10
  2188 | D:2      | Noticed Sigmund
  2561 | D:2      | Killed Sigmund
  2561 | D:2      | Reached skill level 1 in Fighting
  2561 | D:2      | Reached XP level 5. HP: 22/29 MP: 3/11
  3221 | D:3      | Reached XP level 6. HP: 33/34 MP: 4/12
  3465 | D:3      | Learned a level 4 spell: Summon Ice Beast
  3716 | D:4      | Noticed Grinder
  4071 | D:4      | Found a transporter.
  4266 | D:4      | Noticed a small abomination
  4270 | D:4      | Found a transporter.
  4294 | D:4      | Found a one-way gate to the infinite horrors of the Abyss.
  4294 | D:4      | Noticed bmj180's ghost (amateur DrCj)
  4494 | D:4      | Reached XP level 7. HP: 40/40 MP: 13/13
  4919 | D:5      | Entered Level 5 of the Dungeon
  4919 | D:5      | Noticed Eustachio
  5134 | D:5      | Reached skill level 5 in Dodging
  5183 | D:5      | Killed Eustachio
  5400 | D:5      | Reached XP level 8. HP: 42/44 MP: 16/16
  5825 | D:6      | Reached skill level 7 in Ice Magic
  5825 | D:6      | Reached skill level 1 in Evocations
  6106 | D:6      | Learned a level 4 spell: Hailstorm
  6329 | D:6      | Reached skill level 8 in Ice Magic
  6570 | D:6      | Found Hatato's Food Shoppe.
  6869 | D:7      | Reached skill level 9 in Ice Magic
  7024 | D:7      | Found the -2 hat of the Alchemist {rElec rPois rF+ rC+ rN+
                  | MR+ rMut rCorr}
  7088 | D:7      | You fall into a shaft and drop 2 floors!
  7307 | D:8      | Reached XP level 9. HP: 48/48 MP: 17/17
  7326 | D:8      | Found a flagged portal.
  7336 | Bailey   | Entered a bailey
  7389 | Bailey   | Reached skill level 10 in Ice Magic
  8121 | Bailey   | Reached skill level 5 in Stealth
  9423 | D:8      | Noticed a two-headed ogre
  9446 | D:8      | Killed a two-headed ogre
  9446 | D:8      | Reached XP level 10. HP: 38/56 MP: 16/18
  9965 | D:7      | Found a staircase to the Ecumenical Temple.
  9969 | Temple   | Entered the Ecumenical Temple
 10067 | Temple   | Became a worshipper of Vehumet
 10220 | D:7      | Noticed Joseph
 10392 | D:7      | Reached skill level 5 in Spellcasting
 11129 | D:8      | Noticed Maurice
 11413 | D:8      | Noticed Maurice
 11413 | D:8      | Maurice changed into Maurice the naga
 11433 | D:8      | Killed Maurice the naga
 11793 | D:9      | Reached * piety under Vehumet
 11793 | D:9      | Offered knowledge of Magic Dart by Vehumet.
 12245 | D:9      | Reached skill level 11 in Ice Magic
 12777 | D:10     | Entered Level 10 of the Dungeon
 12789 | D:10     | Found a staircase to the Lair.
 12821 | D:10     | Reached skill level 12 in Ice Magic
 12821 | D:10     | Reached skill level 1 in Conjurations
 12926 | D:10     | Found a runed translucent door.
 12941 | D:10     | Found a runed translucent door.
 12961 | D:10     | Found a runed translucent door.
 13051 | D:10     | Offered knowledge of Searing Ray by Vehumet.
 13124 | D:10     | Reached ** piety under Vehumet
 13366 | D:10     | Found a runed translucent door.
 14210 | D:10     | Noticed an orange crystal statue
 14368 | D:10     | Learned a level 2 spell: Searing Ray
 14412 | D:11     | Noticed a red ugly thing
 14423 | D:11     | Killed a red ugly thing
 14517 | D:11     | Noticed a two-headed ogre
 14527 | D:11     | Killed a two-headed ogre
 14527 | D:11     | Reached XP level 11. HP: 61/61 MP: 22/22
 14562 | D:11     | Learned a level 2 spell: Swiftness
 14599 | D:11     | Reached skill level 5 in Evocations
 14638 | D:11     | Offered knowledge of Ignite Poison by Vehumet.
 15234 | D:11     | Reached skill level 5 in Fighting
 15254 | D:11     | Reached *** piety under Vehumet
 15631 | D:11     | Found a runed translucent gate.
 15660 | D:11     | Found a runed translucent gate.
 15736 | D:11     | Found a runed translucent gate.
 15736 | D:11     | Noticed Tullig's ghost (journeyman BaFi)
 15736 | D:11     | Noticed a 12-headed hydra
 16049 | D:4      | Killed Grinder
 16214 | D:4      | Offered knowledge of Fulminant Prism by Vehumet.
 16245 | D:4      | Killed bmj180's ghost
 16473 | D:7      | Killed Joseph
 16722 | D:11     | Killed a 12-headed hydra
 16722 | D:11     | Reached skill level 10 in Stealth
 16830 | D:11     | Killed Tullig's ghost
 16830 | D:11     | Reached skill level 10 in Dodging
 16933 | D:11     | Got a bloodstained demon blade
 16935 | D:11     | Identified the +10 demon blade of a ziggurat {vorpal, +Rage
                  | rElec Int-2 Stlth-} (You found it on level 11 of the
                  | Dungeon)
 17003 | Lair:1   | Entered Level 1 of the Lair of Beasts
 17035 | Lair:1   | Reached skill level 1 in Long Blades
 17291 | Lair:1   | Noticed a five-headed hydra
 17308 | Lair:1   | Killed a five-headed hydra
 18605 | Lair:2   | Noticed Gastronok
 18641 | Lair:2   | Noticed an eight-headed hydra
 18686 | Lair:2   | Reached XP level 12. HP: 70/70 MP: 23/23
 18827 | Lair:2   | Reached skill level 5 in Long Blades
 18948 | Lair:2   | You fall into a shaft and drop 2 floors!
 18979 | Lair:4   | Reached **** piety under Vehumet
 19251 | Lair:4   | Noticed a four-headed hydra
 19260 | Lair:4   | Killed a four-headed hydra
 19422 | Lair:4   | Offered knowledge of Bolt of Magma by Vehumet.
 19462 | Lair:4   | Noticed a four-headed hydra
 19473 | Lair:4   | Killed a four-headed hydra
 19876 | Lair:2   | Reached skill level 10 in Long Blades
 19876 | Lair:2   | Reached XP level 13. HP: 53/74 MP: 9/24
 20740 | Lair:3   | Found a staircase to the Shoals.
 20921 | Lair:3   | Learned a level 3 spell: Conjure Flame
 21032 | Lair:3   | Found a hole to the Spider Nest.
 22733 | Lair:4   | Reached XP level 14. HP: 80/80 MP: 17/25
 22735 | Lair:4   | Reached ***** piety under Vehumet
 23283 | Lair:4   | Identified a scroll of acquirement
 23284 | Lair:4   | Acquired a +2 pair of gloves of dexterity
 23362 | Lair:5   | Found a staircase to the Slime Pits.
 23664 | Lair:5   | Offered knowledge of Ozocubu's Refrigeration by Vehumet.
 23716 | Lair:5   | Acquired an uncursed staff of cold
 24447 | Lair:5   | Learned a level 6 spell: Ozocubu's Refrigeration
 24459 | Lair:6   | Entered Level 6 of the Lair of Beasts
 25982 | Lair:6   | Reached skill level 10 in Spellcasting
 26146 | Lair:6   | Got an ancient ring mail
 26227 | Lair:6   | Paralysed by a hornet for 2 turns
 26231 | Lair:6   | Offered knowledge of Irradiate by Vehumet.
 26756 | Lair:6   | Reached XP level 15. HP: 88/88 MP: 27/31
 27869 | D:12     | Found a shimmering altar of Xom.
 27872 | D:12     | Found the +7 mace of Variability {chain chaos}
 28121 | D:12     | Identified the cursed +0 ring mail "Anellijemub" {rF+ rC++
                  | Slay-5} (You found it on level 6 of the Lair of Beasts)
 28240 | D:12     | Found Lasaxki's Armour Shoppe.
 28329 | D:12     | Noticed Urug
 28345 | D:12     | Found a staircase to the Orcish Mines.
 28589 | D:12     | Found a portal to a secret trove of treasure.
 29300 | Orc:1    | Entered Level 1 of the Orcish Mines
 29308 | Orc:1    | Offered knowledge of Starburst by Vehumet.
 29631 | Orc:1    | Learned a level 4 spell: Sticky Flame
 30277 | Orc:1    | Found the +8 lance "Wyrmbane" {slay drac, rPois rF+ rC+
                  | AC+3}
 30413 | Orc:1    | Noticed Nergalle
 30436 | Orc:1    | Killed Nergalle
 30605 | Orc:1    | Noticed an orc warlord
 30608 | Orc:1    | Killed an orc warlord
 30777 | Orc:2    | Entered Level 2 of the Orcish Mines
 30777 | Orc:2    | Found Baash's Jewellery Shop.
 30980 | Orc:2    | Found a staircase to the Elven Halls.
 31009 | Orc:2    | Found Lovveyzo's Antique Armour Boutique.
 31013 | Orc:2    | Reached skill level 13 in Ice Magic
 31354 | Orc:2    | Noticed an orc warlord
 31358 | Orc:2    | Killed an orc warlord
 31781 | Orc:2    | Reached ****** piety under Vehumet
 32112 | Orc:2    | Found Peinur's Antique Weapon Emporium.
 32129 | Orc:2    | Found Meh Goneegg's General Store.
 32246 | Orc:2    | Found Mesaz's Antique Weapon Shop.
 32401 | Orc:2    | Bought a warped leather armour for 154 gold pieces
 32534 | D:13     | Noticed Jorgrun
 32560 | D:13     | Killed Jorgrun
 32560 | D:13     | Offered knowledge of Iskenderun's Battlesphere by Vehumet.
 32683 | D:13     | Noticed Rupert
 32705 | D:13     | Killed Rupert
 32825 | D:13     | Noticed Josephine
 32828 | D:13     | Killed Josephine
 33601 | D:14     | Found a transporter.
 33759 | D:14     | Identified the +0 leather armour of Duck's Teeth {rElec rF+
                  | MR- Dex+6} (You bought it in a shop on level 2 of the
                  | Orcish Mines)
 33919 | D:14     | Reached XP level 16. HP: 85/97 MP: 16/32
 34027 | D:14     | Found a transporter.
 34028 | D:14     | Found Odam's Book Shop.
 34147 | D:14     | Bought a book of Ice for 845 gold pieces
 34274 | D:14     | Reached skill level 10 in Fighting
 34947 | D:14     | Reached skill level 14 in Ice Magic
 35804 | D:14     | Found a gate to the Vaults.
 35896 | D:15     | Entered Level 15 of the Dungeon
 36071 | D:15     | Found a gate leading to a gauntlet.
 36095 | Gauntlet | Entered a Gauntlet
 36095 | Gauntlet | Found a transporter.
 36095 | Gauntlet | Found a transporter.
 36279 | Gauntlet | Found a transporter.
 36279 | Gauntlet | Found a transporter.
 36295 | Gauntlet | Found a transporter.
 36299 | Gauntlet | Found a transporter.
 36299 | Gauntlet | Found a transporter.
 36323 | Gauntlet | Found a transporter.
 36330 | Gauntlet | Found a transporter.
 36342 | Gauntlet | Found a transporter.
 36360 | Gauntlet | Found a transporter.
 36412 | Gauntlet | Found a transporter.
 36427 | Gauntlet | Found a transporter.
 36443 | Gauntlet | Found a transporter.
 36544 | Gauntlet | Found a transporter.
 36562 | Gauntlet | Found a transporter.
 36823 | Gauntlet | Offered knowledge of Iron Shot by Vehumet.
 36843 | Gauntlet | Got a pair of scorched gloves
 36952 | Gauntlet | Identified the cursed +0 pair of gloves of Tenacity {+Fly
                  | rF+ Int-5 Dex+2} (You found it in a Gauntlet)
 36996 | Gauntlet | Identified the +1 pair of gloves "Xeat" {MR+ Str+7 Dex-4}
                  | (You found it in a Gauntlet)
 37227 | D:15     | Found a staircase to the Depths.
 37314 | D:15     | Reached skill level 15 in Ice Magic
 37350 | D:15     | Noticed a sphinx
 37350 | D:15     | Noticed a shadow dragon
 37353 | D:15     | Killed a sphinx
 37368 | D:15     | Killed a shadow dragon
 37966 | D:15     | Reached skill level 15 in Dodging
 38969 | Spider:1 | Entered Level 1 of the Spider Nest
 39268 | Lair:3   | HP: 4/97 [something (6)]
 41040 | Spider:2 | Reached XP level 17. HP: 102/102 MP: 30/35
 41352 | Spider:2 | Offered knowledge of Orb of Destruction by Vehumet.
 41533 | Spider:2 | Learned a level 6 spell: Freezing Cloud
 44137 | Spider:3 | Reached skill level 16 in Ice Magic
 44730 | Spider:4 | Entered Level 4 of the Spider Nest
 45997 | Spider:4 | Offered knowledge of Lehudib's Crystal Spear by Vehumet.
 46379 | Spider:4 | Reached skill level 17 in Ice Magic
 47229 | Spider:4 | Got a gossamer rune of Zot
 47994 | Shoals:1 | Entered Level 1 of the Shoals
 48126 | Shoals:1 | Reached skill level 18 in Ice Magic
 48245 | Shoals:1 | Learned a level 5 spell: Fireball
 48927 | Shoals:1 | Reached skill level 1 in Fire Magic
 49186 | Shoals:1 | Noticed a kraken
 49498 | Shoals:2 | Reached XP level 18. HP: 108/108 MP: 19/38
 50162 | Shoals:2 | Reached skill level 15 in Spellcasting
 50528 | Shoals:2 | Found Cuol's Gadget Shop.
 50540 | Shoals:2 | Bought a wand of clouds (4) for 360 gold pieces
 50836 | Shoals:2 | Learned a level 2 spell: Ensorcelled Hibernation
 51170 | Shoals:3 | Noticed Ilsuiw
 51178 | Shoals:3 | Killed Ilsuiw
 51827 | Shoals:4 | Entered Level 4 of the Shoals
 51827 | Shoals:4 | Found Wemein's Food Shoppe.
 52316 | Shoals:4 | Offered knowledge of Chain Lightning by Vehumet.
 52316 | Shoals:4 | Offered knowledge of Ignition by Vehumet.
 52316 | Shoals:4 | Offered knowledge of Absolute Zero by Vehumet.
 52428 | Shoals:4 | Got a barnacled rune of Zot
 53074 | Shoals:4 | Found Ahol's Armour Shoppe.
 53423 | Shoals:4 | Noticed Kirke
 53429 | Shoals:4 | Killed Kirke
 53758 | Shoals:4 | Found Nul Ull's Assorted Antiques.
 54091 | Shoals:4 | Identified the ring "Ammuf" {Int+3 Dex+4 Stlth+} (You found
                  | it on level 4 of the Shoals)
 55221 | D:14     | Bought a book of Cantrips for 260 gold pieces
 55221 | D:14     | Bought a book of Power for 585 gold pieces
 55225 | D:14     | Learned a level 1 spell: Apportation
 55231 | D:14     | Learned a level 5 spell: Bolt of Magma
 55347 | Orc:2    | Bought a scroll of teleportation for 51 gold pieces
 55347 | Orc:2    | Bought a wand of clouds (5) for 459 gold pieces
 55347 | Orc:2    | Bought a scroll of teleportation for 51 gold pieces
 55744 | Vaults:1 | Entered Level 1 of the Vaults
 55972 | Vaults:1 | Reached skill level 19 in Ice Magic
 56109 | Vaults:1 | Reached XP level 19. HP: 116/116 MP: 14/41
 56816 | Vaults:1 | Reached skill level 20 in Ice Magic
 56897 | Vaults:1 | Reached skill level 5 in Conjurations
 57829 | Vaults:1 | Learned a level 6 spell: Iron Shot
 59721 | Vaults:2 | Reached skill level 1 in Earth Magic
 59968 | Vaults:2 | Reached XP level 20. HP: 104/122 MP: 13/44
 60343 | Vaults:2 | Found a staircase to the Crypt.
 60343 | Vaults:2 | Found a basalt altar of Yredelemnul.
 60344 | Vaults:2 | Found an ancient bone altar of Kikubaaqudgha.
 60455 | Vaults:2 | Found Gozag's Antique Armour Shoppe.
 60640 | Vaults:2 | Found an opulent altar of Gozag.
 60683 | Vaults:2 | Found Gozag's Assorted Antiques.
 60685 | Vaults:2 | Found Gozag's Antique Armour Shoppe.
 61046 | Vaults:3 | Found Vuil's Weapon Emporium.
 62234 | Vaults:3 | Reached skill level 10 in Conjurations
 62234 | Vaults:3 | Reached skill level 10 in Evocations
 62412 | Vaults:3 | Identified the Volume of Snow and Toxins
 62862 | Vaults:3 | Found a roughly hewn altar of Beogh.
 63450 | Vaults:4 | Reached skill level 21 in Ice Magic
 63809 | Vaults:4 | Noticed Frederick
 63812 | Vaults:4 | Noticed Donald
 63844 | Vaults:4 | Demolished by Donald

Illustrated notes

Levels and vault maps discovered:
D:1:      eino_arrival_tree_alley, layout_basic, serial_bayou_pond_d
D:2:      layout_loops_ring, cheibriados_altar_1,
          chequers_ecumenical_altar_simple, first_ration, uniq_sigmund
D:3:      layout_basic
D:4:      layout_basic, gammafunk_ghost_abyssal_escape, minivault_23,
          uniq_grinder
D:5:      layout_rooms, minmay_misc_feat_encased, uniq_eustachio
D:6:      cheibrodos_thug_alley, layout_basic, serial_shops, shop
D:7:      layout_loops_ring, temple_hall_moat, nicolae_ossuary_entry_ruins,
          minmay_hedge_maze, grunt_ogre_cave, lemuel_flame_loot_1, uniq_joseph
D:8:      layout_gridville, enter_bailey_3, uniq_maurice
D:9:      layout_roguey
D:10:     layout_stronghold, david_lair_generic, minmay_statue_crystal_thing
D:11:     layout_roguey, gammafunk_ghost_hydra_chop
D:12:     layout_roguey, orc_0_dummy, enter_trove_2, serial_shops,
          kennysheep_little_box, minmay_guarded_unrand_variability, uniq_urug
D:13:     layout_basic, uniq_jorgrun, uniq_josephine, uniq_rupert
D:14:     gammafunk_dig_for_victory, layout_irregular_city,
          grunt_vaults_entry_fortified, serial_shops, shop, drop_trap,
          kennysheep_generic_room_10
D:15:     hangedman_depths_entry_civil_slaughter, layout_irregular_city,
          gauntlet_entry_generic, minmay_radiant
Temple:   compressed_dpeg_circular_temple
Lair:1:   layout_layer_cave
Lair:2:   layout_misc_corridors, infiniplex_staircase_pool, uniq_gastronok
Lair:3:   layout_chaotic_city, elwin_shoals_entry_rooms,
          nicolae_spider_entry_tight_spaces, chequers_serial_rivers_micro_e,
          infiniplex_staircase_pool_2
Lair:4:   layout_loops_ring, minmay_shattered_shrine, grunt_megastairs_3
Lair:5:   layout_loops_ring, slime_dummy
Lair:6:   hangedman_lair_caniforms_friends, layout_hall_layers,
          hangedman_lair_tendril_chambers
Shoals:1: layout_shoals, nicolae_shoals_kraken_intersection
Shoals:2: layout_shoals, serial_shops, nicolae_shop_stone
Shoals:3: layout_shoals, uniq_ilsuiw
Shoals:4: shoals_end_hangedman, layout_shoals, serial_shops, shop, shop_statue,
          shop, uniq_kirke
Spider:1: layout_spider_delve
Spider:2: layout_chambers, hangedman_spider_mandibles
Spider:3: layout_spider_delve
Spider:4: grunt_spider_rune_parallel, nicolae_spider_shape
Orc:1:    lemuel_ogre_cave, layout_caves, uniq_nergalle
Orc:2:    grunt_orc_gardens, layout_caves, grunt_orc_garden, grunt_orc_garden,
          grunt_orc_garden, grunt_orc_garden, serial_shops, shop_coins
Vaults:1: hangedman_vaults_nodes, v_misc_30, ontoclasm_vaults_fault,
          st_diamondy, v_alt_pattern_6, v_misc_4, v_rooms_2, v_misc_26,
          ontoclasm_vaults_loading_screen, layout_vaults_big_room
Vaults:2: grunt_vaults_swirl, vaults_room_door_hall,
          minmay_crypt_entry_necro_gods, nicolae_vaults_network_periphery,
          kennysheep_vaults_gozag_temple, v_misc_8, vaults_dpeg_encased_lava,
          dpeg_vaults_monster_box, v_misc_12, vaults_mumra_lcd, v_misc_4,
          nicolae_vaults_little_squares_5, ontoclasm_vaults_gateway,
          layout_vaults_maze_snakey
Vaults:3: v_misc_25, special_room_vaults [special_room_orc],
          grunt_vaults_bifocal, hangedman_vaults_corner_blocks, v_pattern_3,
          nicolae_vaults_ring_of_whatevers, hangedman_vaults_hat,
          nicolae_vaults_sealed_display, hangedman_vaults_nails, v_misc_33,
          v_misc_22, nicolae_vaults_asterisk, v_misc_2, layout_vaults_omnibox,
          serial_shops, shop
Vaults:4: v_pattern_1, hangedman_vaults_maws, vaults_room_fancy_cross,
          layout_vaults_quadrants, uniq_frederick, uniq_donald

Skill      XL: |  1  2  3  4  5  6  7  8  9 10 11 12 13 14 15 16 17 18 19 20 |
---------------+-------------------------------------------------------------+-----
Ice Magic      | 5 6 9 10 12 13 15 18 19 20 21 | 21.0
Fighting       | 1 2 4 6 7 9 10 12 | 12.0
Dodging        | 3 4 6 8 10 12 15 | 15.0
Stealth        | 3 4 8 10 | 10.0
Shields        | 2 3 4 |  4.0
Spellcasting   | 4 6 10 12 14 16 18 | 18.0
Evocations     | 4 6 8 11 | 11.2
Conjurations   | 4 8 11 | 11.2
Long Blades    | 3 10 12 14 | 14.0
Fire Magic     | 1 4 |  4.0
Earth Magic    | 2 4 |  4.0

Action                   |  1- 3 |  4- 6 |  7- 9 | 10-12 | 13-15 | 16-18 | 19-21 || total
-------------------------+-------+-------+-------+-------+-------+-------+-------++-------
Melee: Unarmed           |     1 |       |       |       |       |       |       ||     1
       Dagger            |    15 |    10 |    35 |   191 |       |       |       ||   251
       Whip              |       |     2 |     7 |       |       |       |       ||     9
       Demon blade       |       |       |       |    19 |   191 |   133 |    19 ||   362
       Staff             |       |       |       |       |    17 |    18 |    13 ||    48
Throw: Stone             |       |       |     8 |     4 |       |       |       ||    12
       Dart              |       |       |       |       |     7 |     5 |       ||    12
       Javelin           |       |       |       |       |    15 |       |       ||    15
 Cast: Freeze            |    51 |    34 |    89 |    93 |   246 |   238 |    20 ||   771
       Frozen Ramparts   |     6 |    13 |    49 |    71 |   105 |    59 |     2 ||   305
       Summon Ice Beast  |       |       |    14 |    42 |    26 |     1 |       ||    83
       Hailstorm         |       |       |     6 |    12 |    49 |    56 |       ||   123
       Searing Ray       |       |       |       |    15 |   111 |    91 |     1 ||   218
       Swiftness         |       |       |       |     1 |       |       |       ||     1
       Conjure Flame     |       |       |       |       |     5 |       |       ||     5
       Ozocubu's Armour  |       |       |       |       |     1 |       |       ||     1
       Ozocubu's Refrige |       |       |       |       |    43 |   227 |   134 ||   404
       Sticky Flame      |       |       |       |       |     5 |    16 |       ||    21
       Fireball          |       |       |       |       |       |    54 |       ||    54
       Freezing Cloud    |       |       |       |       |       |     8 |     1 ||     9
       Bolt of Magma     |       |       |       |       |       |     8 |   132 ||   140
       Apportation       |       |       |       |       |       |     5 |       ||     5
       Ensorcelled Hiber |       |       |       |       |       |     1 |     2 ||     3
       Iron Shot         |       |       |       |       |       |       |    42 ||    42
Evoke: Wand              |       |       |       |    13 |     6 |    25 |     3 ||    47
       Lightning rod     |       |       |       |       |       |     6 |       ||     6
       Tin of tremorston |       |       |       |       |       |     1 |       ||     1
       Box of beasts     |       |       |       |       |       |       |     1 ||     1
  Use: Scroll            |       |     8 |    10 |    13 |     9 |    17 |       ||    57
       Potion            |       |       |     2 |     2 |     3 |     4 |       ||    11
 Stab: Sleeping          |     2 |     5 |     2 |    16 |     3 |     4 |       ||    32
       Distracted        |       |       |       |     3 |       |       |       ||     3
  Eat: Ration            |     1 |     2 |     5 |     9 |    12 |    20 |     7 ||    56
Armor: Robe              |    10 |     4 |    11 |    19 |    86 |   193 |    21 ||   344
Dodge: Dodged            |    45 |    19 |   103 |   194 |   383 |   678 |   119 ||  1541
Block: Buckler           |       |       |    42 |    86 |   189 |   286 |    62 ||   665
       Reflection        |       |       |     4 |     9 |    11 |    41 |    21 ||    86
       Rpst.: Demon blade |       |       |       |    25 |    34 |    15 |     4 ||    78

Table legend:
 A = Non-vault XP
 B = Vault XP
 C = Vault XP percentage of total XP
 D = Non-vault monster count
 E = Vault monster count
 F = Vault count percentage of total count
                 A         B        C        D         E       F
            +---------+---------+-------+---------+---------+-------
      Total |  305870 |  243938 |  44.4 |    1020 |     532 |  34.3
            +---------+---------+-------+---------+---------+-------
        D:1 |      68 |       0 |   0.0 |      29 |       0 |   0.0
        D:2 |      54 |     227 |  80.8 |      22 |       1 |   4.3
        D:3 |     127 |       0 |   0.0 |      17 |       0 |   0.0
        D:4 |     431 |     896 |  67.5 |      19 |       6 |  24.0
        D:5 |     399 |     197 |  33.1 |      15 |       1 |   6.2
        D:6 |     843 |     113 |  11.8 |      23 |      10 |  30.3
        D:7 |     695 |     502 |  41.9 |      23 |       2 |   8.0
        D:8 |    1416 |     151 |   9.6 |      18 |       5 |  21.7
        D:9 |    1584 |       0 |   0.0 |      31 |       0 |   0.0
       D:10 |     898 |     831 |  48.1 |      23 |       4 |  14.8
       D:11 |    6385 |    1700 |  21.0 |      46 |       2 |   4.2
       D:12 |    7018 |     386 |   5.2 |      35 |       2 |   5.4
       D:13 |    3150 |    7461 |  70.3 |      23 |       7 |  23.3
       D:14 |    9803 |    9010 |  47.9 |      27 |      12 |  30.8
       D:15 |   10408 |   10888 |  51.1 |      34 |      10 |  22.7
     Lair:1 |    2308 |       0 |   0.0 |       9 |       0 |   0.0
     Lair:2 |    4361 |       0 |   0.0 |      22 |       0 |   0.0
     Lair:3 |    5983 |    1921 |  24.3 |      19 |       7 |  26.9
     Lair:4 |    8457 |    4830 |  36.4 |      18 |      11 |  37.9
     Lair:5 |   13086 |       0 |   0.0 |      37 |       0 |   0.0
     Lair:6 |    8173 |   20368 |  71.4 |      20 |      91 |  82.0
   Shoals:1 |   12747 |       0 |   0.0 |      25 |       0 |   0.0
   Shoals:2 |   14480 |       0 |   0.0 |      30 |       0 |   0.0
   Shoals:3 |    4901 |    4869 |  49.8 |      10 |       5 |  33.3
   Shoals:4 |   29449 |   24110 |  45.0 |      64 |      38 |  37.3
   Spider:1 |   13444 |    1735 |  11.4 |      29 |       1 |   3.3
   Spider:2 |   12782 |       0 |   0.0 |      44 |       0 |   0.0
   Spider:3 |   15510 |    2249 |  12.7 |      43 |       3 |   6.5
   Spider:4 |    7710 |   19692 |  71.9 |      24 |      52 |  68.4
      Orc:1 |    5834 |    4042 |  40.9 |      53 |      18 |  25.4
      Orc:2 |    2987 |   11941 |  80.0 |      25 |      27 |  51.9
   Vaults:1 |   37313 |   28952 |  43.7 |      68 |      43 |  38.7
   Vaults:2 |   24378 |   48949 |  66.8 |      35 |      64 |  64.6
   Vaults:3 |   27985 |   27246 |  49.3 |      42 |      60 |  58.8
   Vaults:4 |   10703 |    1435 |  11.8 |      18 |       1 |   5.3
     Bailey |       0 |    2006 | 100.0 |       0 |      39 | 100.0
   Gauntlet |       0 |    7231 | 100.0 |       0 |      10 | 100.0
            +---------+---------+-------+---------+---------+-------
